 Dungeon Crawl Stone Soup version 0.15.2 (webtiles) character file.

589 MikeHunt the Insei (level 7, -3/54 HPs)
             Began as a Mummy Monk on May 11, 2017.
             Slain by a centaur (8 damage)
             ... on Level 5 of the Dungeon.
             The game lasted 00:21:14 (8397 turns).

MikeHunt the Insei (Mummy Monk)                     Turns: 8397, Time: 00:21:14

HP  -3/54        AC  1     Str 14      XL: 7   Next: 15%
MP   7/7         EV 14     Int  9      God:
Gold 303         SH  0     Dex 16      Spells:  0 memorised,  6 levels left

rFire  x . .     SeeInvis .       - Unarmed
rCold  + + .     Clarity  .     (no armour)
rNeg   + + +     rCorr    .     (no shield)
rPois  +         rRot     +     (no helmet)
rElec  .         Spirit   .     (no cloak)
SustAb .         Warding  .     (no gloves)
rMut   .         Stasis   .     g - +0 pair of boots
Gourm  .                        (no amulet)
MR     .....                    (no ring)
                                d - ring of protection from cold

@: about to teleport, not resistant to hostile enchantments, unstealthy
A: no food or potions, fire vulnerability, restore body, cold resistance 1,
negative energy resistance 3, poison resistance, torment resistance, unbreathing
a: no special abilities


You were on level 5 of the Dungeon.
You were not hungry.

You visited 1 branch of the dungeon, and saw 5 of its levels.

You collected 303 gold pieces.

Inventory:

Armour
 c - a +2 shield
 g - a +0 pair of boots (worn)
Scrolls
 b - 2 scrolls of remove curse
 e - 2 scrolls of teleportation
 f - a scroll of enchant armour {unknown}
Jewellery
 a - an uncursed ring of invisibility
 d - a ring of protection from cold (left hand)


   Skills:
 - Level 4.0 Fighting
 + Level 3.8 Dodging
 - Level 2.1 Stealth
 - Level 6.0 Unarmed Combat


You had 6 spell levels left.
You didn't know any spells.

Dungeon Overview and Level Annotations

Branches:
Dungeon (5/15)
 Temple: D:4-7

Altars:
Fedhas
Makhleb
Okawaru

Annotations:
D:4 Pikel


Innate Abilities, Weirdness & Mutations

You do not eat or drink.
Your flesh is vulnerable to fire.
Your flesh is cold resistant.
You are immune to negative energy.
Your system is resistant to poisons.
You are immune to unholy pain and torment.
You can survive without breathing.


Message History

The centaur is lightly wounded.
The centaur hits you.
You barely miss the centaur.
The centaur is lightly wounded.
The centaur hits you!
The centaur hits you but does no damage.
Read which item? (? for menu, Esc to quit)
As you read the scroll of teleportation, it crumbles to dust.
You feel strangely unstable. The centaur closely misses you.
You hit the centaur.
You punch the centaur, but do no damage.
The centaur is lightly wounded.
The centaur hits you!
* * * LOW HITPOINT WARNING * * *
You punch the centaur!
The centaur is heavily wounded.
The centaur hits you.
* * * LOW HITPOINT WARNING * * *
The centaur hits you!
You die...

...#..........#.....'.....#
...####'###...#.....#....########
..........#...#.....#....##......
..........'...+.....#....'.......
..........#'###.....####'##..(...
###.......#...###.........#......
#.......'..(..#.........#......
#.......#.....#.........####'##
#.......#.....@.........'.....)
#.......###(###c........#......
#......<................#......
###.......................#####'#
..........................#......
.<........................'......
..........................#......
....%.....#'#####.........#......
..........#.....#.........####'##


You could see a centaur.

Vanquished Creatures
  A scorpion (D:5)
  2 crimson imps
  A hound (D:5)
  5 worker ants
  2 iguanas (D:5)
  Ijyb (D:2)
  Jessica (D:2)
  An ogre skeleton (D:5)
  A worker ant zombie (D:3)
  8 adders
  A giant mite (D:1)
  A shadow imp (D:5)
  2 worms
  An adder skeleton (D:5)
  4 giant geckos
  4 orcs
  5 giant cockroaches
  16 hobgoblins
  2 quokkas
  3 ball pythons
  10 bats
  6 giant newts
  8 goblins
  5 jackals
  13 kobolds
  21 rats
  A rat skeleton (D:4)
126 creatures vanquished.

Notes
Turn   | Place    | Note
--------------------------------------------------------------
     0 | D:1      | MikeHunt, the Mummy Monk, began the quest for the Orb.
     0 | D:1      | Reached XP level 1. HP: 18/18 MP: 1/1
   273 | D:1      | Reached XP level 2. HP: 14/24 MP: 2/2
   937 | D:1      | Reached skill level 4 in Unarmed Combat
  1502 | D:1      | Reached XP level 3. HP: 22/29 MP: 3/3
  2815 | D:2      | Found a blossoming altar of Fedhas.
  2846 | D:2      | Found an iron altar of Okawaru.
  3164 | D:2      | Reached XP level 4. HP: 30/35 MP: 4/4
  3482 | D:2      | Noticed Jessica
  3485 | D:2      | Killed Jessica
  3587 | D:2      | Reached skill level 5 in Unarmed Combat
  3689 | D:2      | Noticed Ijyb
  4353 | D:3      | Reached XP level 5. HP: 29/41 MP: 5/5
  4590 | D:3      | Found a burning altar of Makhleb.
  5171 | D:2      | Killed Ijyb
  5991 | D:4      | Reached skill level 6 in Unarmed Combat
  5991 | D:4      | Reached XP level 6. HP: 9/47 MP: 6/6
  6558 | D:4      | Noticed Pikel
  6558 | D:4      | Noticed a slave
  6558 | D:4      | Noticed a slave
  6768 | D:4      | Noticed a slave
  6768 | D:4      | Noticed a slave
  7087 | D:5      | Entered Level 5 of the Dungeon
  7953 | D:5      | Reached XP level 7. HP: 46/54 MP: 7/7
  8397 | D:5      | Slain by a centaur

Action                   |  1- 3 |  4- 6 |  7- 9 || total
-------------------------+-------+-------+-------++-------
Melee: Unarmed           |   199 |   330 |    46 ||   575
  Use: Scroll            |     1 |     3 |     1 ||     5
 Stab: Sleeping          |     2 |     6 |       ||     8
       Distracted        |       |       |     1 ||     1
